 Dungeon Crawl Stone Soup version 0.27.1-33-g824d729ab1 (webtiles) character file.

Game seed: 10207288147668869448

79 lonewolfV2 the Conjurer (level 4, -2/24 HPs)
             Began as a Deep Elf Conjurer on Dec 15, 2021.
             Slain by a kobold brigand (4 damage)
             ... on level 3 of the Dungeon.
             The game lasted 00:06:02 (1963 turns).

lonewolfV2 the Conjurer (Deep Elf Conjurer)         Turns: 1963, Time: 00:06:02

Health: -2/24      AC:  2    Str:  4    XL:     4   Next: 16%
Magic:  2/11       EV: 12    Int: 24    God:
Gold:   101        SH:  0    Dex: 13    Spells: 3/10 levels left

rFire    + . .     SeeInvis .   c - staff of poison
rCold    + . .     Faith    .   (no shield)
rNeg     . . .     Spirit   .   a - +0 robe
rPois    +         Reflect  .   (no helmet)
rElec    +         Harm     .   (no cloak)
rCorr    +         Rampage  .   (no gloves)
Will     +....                  (no boots)
Stlth    ++........             (no amulet)
HPRegen  0.08/turn              h - ring of willpower
MPRegen  0.12/turn              (no ring)

@: resistant, attractive
A: no striking features
a: no special abilities


You were on level 3 of the Dungeon.
You visited 1 branch of the dungeon, and saw 3 of its levels.

You collected 101 gold pieces.

Inventory:

Missiles
 k - 2 throwing nets
Armour
 a - a +0 robe (worn)
Magical Staves
 c - a staff of poison (weapon)
Jewellery
 h - a ring of willpower (left hand)
Scrolls
 e - a scroll of magic mapping
 m - a scroll of holy word {unknown}
Potions
 b - a potion of might {unknown}
 d - a potion of attraction
 g - a potion of flight {unknown}
 j - a potion of haste {unknown}
 l - a potion of ambrosia {unknown}


   Skills:
 + Level 2.6 Dodging
 + Level 2.7 Stealth
 + Level 3.7 Spellcasting
 + Level 5.8 Conjurations


You had 3 spell levels left.
You knew the following spells:

 Your Spells              Type           Power      Damage    Failure   Level
a - Magic Dart            Conj           100%       1d8       1%          1
b - Searing Ray           Conj           64%        3d5       1%          2
c - Iskenderun's Mystic   Conj/Tloc      18%        2d6       30%         4

Your spell library contained the following spells:

 Spells                   Type           Power      Damage    Failure   Level
 Dazzling Flash           Conj/Hex       36%        N/A       10%         3
 Fulminant Prism          Conj/Hex       9%         3d7       30%         4


Dungeon Overview and Level Annotations

Branches:
Dungeon (3/15)

Altars:
Dithmenos


Message History

The kobold brigand is moderately wounded.
The kobold brigand closely misses you.
You hit the kobold brigand but do no damage.
The kobold brigand is moderately wounded.
The kobold brigand hits you with a +0 dagger.
You hit the kobold brigand but do no damage.
The kobold brigand is moderately wounded.
The kobold brigand barely misses you.
You barely miss the kobold brigand.
The kobold brigand is moderately wounded.
The kobold brigand barely misses you.
Casting: Magic Dart (safe; 1% risk of failure)
Confirm with . or Enter, or press ? or * to list all spells.
Aiming: Magic Dart (safe; 1% risk of failure)
Press: ? - help, Shift-Dir - straight line, f/p - kobold brigand
Aim: a kobold brigand, wielding a +0 dagger and quivering poisoned darts (moderately wounded, 100% to hit)
The magic dart hits the kobold brigand.
The kobold brigand is heavily wounded.
The kobold brigand hits you with a +0 dagger.
You feel better.
The kobold brigand hits you with a +0 dagger!
* * * LOW HITPOINT WARNING * * *
You feel protected.
The kobold brigand hits you with a +0 dagger.
* * * LOW HITPOINT WARNING * * *
You feel better.
The kobold brigand hits you with a +0 dagger.
* * * LOW HITPOINT WARNING * * *
You hit the kobold brigand but do no damage.
The kobold brigand is heavily wounded.
The kobold brigand hits you but does no damage.
The kobold brigand misses you.
You hit the kobold brigand.
The kobold brigand is heavily wounded.
The kobold brigand hits you with a +0 dagger.
* * * LOW HITPOINT WARNING * * *
It was a potion of attraction.
You feel attractive to monsters.
The kobold brigand hits you with a +0 dagger.
You die...

#.###...§§###...###
#.####§..####.#..##
#...............#.. ##
#.####..#.##...###. #.
##.####..##.#....#.# #. #
#................... #.
####.####..#.##..##.#.....##
#.
#<......#..#.##..##.#..#####
#. #.##.##....@K.......... .
#.##.##.####.#####.###.####
## #.......# #.#####.#
#....# ####..###
#......)###..>.### ##.#
#........###.....### #.#
#.....##.###........ ##.#
#................... #..#
#.....##.###........ #.##
####........# #.....###


You could see a kobold brigand.

Vanquished Creatures
  4 gnolls (D:3)
  An adder (D:3)
  2 dart slugs (D:2)
  4 bats (D:2)
  2 giant cockroaches
  2 goblins (D:2)
  A hobgoblin (D:3)
  A quokka (D:2)
  2 ball pythons (D:2)
  6 kobolds
  4 rats (D:2)
29 creatures vanquished.

Notes
Turn   | Place    | Note
-------+----------+-------------------------------------------
     0 | D:1      | lonewolfV2 the Deep Elf Conjurer began the quest for the
                  | Orb.
     0 | D:1      | Reached XP level 1. HP: 10/10 MP: 6/6
   606 | D:2      | Reached XP level 2. HP: 15/15 MP: 6/8
   609 | D:2      | Learned a level 2 spell: Searing Ray
   831 | D:2      | Reached skill level 5 in Conjurations
  1595 | D:3      | Reached XP level 3. HP: 19/19 MP: 3/9
  1768 | D:3      | Reached XP level 4. HP: 24/24 MP: 4/11
  1773 | D:3      | Learned a level 4 spell: Iskenderun's Mystic Blast
  1899 | D:3      | Found a shadowy altar of Dithmenos.
  1937 | D:3      | Noticed a kobold brigand
  1959 | D:3      | HP: 1/24 [kobold brigand (5)]
  1963 | D:3      | Slain by a kobold brigand

Illustrated notes

Levels and vault maps discovered:
D:1:      dpeg_arrival_water_fire, layout_loops_ring, item_on_display_a
D:2:      layout_basic, kennysheep_generic_room_12
D:3:      layout_loops_cross, nicolae_dithmenos_the_darkroom,
          chequers_decorated_corner, minmay_strange_pillars

Skill      XL: |  1  2 |
---------------+-------+-----
Conjurations   | 5 |  5.8
Dodging        | |  2.6
Stealth        | |  2.7
Spellcasting   | |  3.7

Action                   |  1- 3 |  4- 6 || total
-------------------------+-------+-------++-------
Melee: Staff             |     5 |     8 ||    13
 Cast: Magic Dart        |    43 |     6 ||    49
       Searing Ray       |     5 |     2 ||     7
       Iskenderun's Myst |       |     1 ||     1
  Use: Scroll            |     3 |       ||     3
       Potion            |       |     4 ||     4
Armor: Robe              |       |     1 ||     1
Dodge: Dodged            |     9 |    10 ||    19
